NEW YORK I vs PHILADELPHIA

Created - May 21, 2021 at 15:28

Goals
1 2 3 T
NEW YORK I 4 0 1 5
PHILADELPHIA 1 1 2 4
Shots
1 2 3 T
NEW YORK I 16 8 16 40
PHILADELPHIA 10 8 5 23

1st period

1. NEW YORK I , Rasmus Ristolainen 12 (Esa Lindell 25, Austin Watson 13) at 6:46
2. NEW YORK I , Josh Bailey 13 (Jared Spurgeon 40, Logan Couture 35) at 8:07
3. NEW YORK I , Josh Bailey 14 (Jared Spurgeon 41, Matt Dumba 24) at 15:52
4. PHILADELPHIA , Tyler Ennis 15 (Jeff Skinner 20, Korbinian Holzer 4) at 17:48
5. NEW YORK I , Ryan Strome 15 (Anthony Mantha 22, Brandon Saad 18) at 19:11

Penalties :
No Penalty

2nd period

6. PHILADELPHIA , Anthony Cirelli 15 (Andre Burakovsky 16, Rickard Rakell 21) at 14:21

Penalties :
No Penalty

3rd period

7. NEW YORK I , Jared Spurgeon 14 (Anthony Mantha 23, Ryan Strome 35) at 3:14 (PP)
8. PHILADELPHIA , Anthony Cirelli 16 (Adam Pelech 25, Andre Burakovsky 17) at 8:00
9. PHILADELPHIA , Anthony Cirelli 17 (Andre Burakovsky 18, Rickard Rakell 22) at 15:45

Penalties :
Tyler Pitlick (PHI) for Goalie Interference (Minor) at 3:08, Erik Gudbranson (PHI) for High sticking (Minor) at 12:17, Brandon Montour (PHI) for Delaying the game (Minor) at 18:13

Goalie Stats

Jacob Markstrom (NYI), 19 saves from 23 shots - (0.826), W, 37-18-7, 60:00 minutes
Anthony Stolarz (PHI), 35 saves from 40 shots - (0.875), L, 5-8-2, 60:00 minutes

Players Stats for NEW YORK I

Player Name              G  A  P  +/- PIM S  H  SB GA TA FO     MP     PP MP  PK MP  
------------------------------------------------------------------------------------
Anthony Mantha           0  2  2  -1  0   3  3  0  0  0  1/2    17:41   1:50   0:00 
Austin Watson            0  1  1   0  0   2  1  0  0  0  0/1    15:32   0:00   0:00 
Ben Hutton               0  0  0   0  0   0  1  1  0  0  0/0    17:26   0:00   0:00 
Boone Jenner             0  0  0   0  0   0  1  0  0  0  12/20  15:32   0:00   0:00 
Brandon Saad             0  1  1  -1  0   1  1  1  0  0  0/0    17:41   1:50   0:00 
Carter Rowney            0  0  0   0  0   0  0  0  0  0  0/0     0:00   0:00   0:00 
Cedric Paquette          0  0  0   0  0   1  2  0  0  0  0/0     7:43   0:00   0:00 
Esa Lindell              0  1  1   0  0   4  1  1  0  0  0/0    22:29   1:55   0:00 
Jared Spurgeon           1  2  3   0  0   4  0  3  0  0  0/0    20:05   1:56   0:00 
Josh Bailey              2  0  2   1  0   6  0  0  0  0  0/0    19:04   2:01   0:00 
Logan Couture            0  1  1   1  0   4  0  0  0  0  12/25  19:04   2:01   0:00 
Marcus Foligno           0  0  0   0  0   1  1  0  0  0  0/0    15:32   0:00   0:00 
Matt Dumba               0  1  1   0  0   1  3  2  0  0  0/0    18:09   0:00   0:00 
Nick Foligno             0  0  0   1  0   2  4  0  0  0  0/1    19:04   2:01   0:00 
Pat Maroon               0  0  0   0  0   1  0  0  0  0  0/1     7:43   0:00   0:00 
Pierre-Edouard Bellemare 0  0  0   0  0   1  0  0  0  0  5/7     7:43   0:00   0:00 
Rasmus Ristolainen       1  0  1   0  0   3  2  0  0  0  0/0    22:30   1:56   0:00 
Ryan Strome              1  1  2  -1  0   5  2  0  0  0  11/18  17:41   1:50   0:00 
Scott Mayfield           0  0  0   0  0   1  3  1  0  0  0/0    19:21   1:55   0:00 
Troy Stecher             0  0  0   0  0   0  0  0  0  0  0/0     0:00   0:00   0:00 

Players Stats for PHILADELPHIA

Player Name              G  A  P  +/- PIM S  H  SB GA TA FO     MP     PP MP  PK MP  
------------------------------------------------------------------------------------
Adam Pelech              0  1  1   0  0   1  3  1  0  0  0/0    23:51   0:00   2:20 
Andre Burakovsky         0  3  3   3  0   3  0  0  0  0  0/1    19:34   0:00   0:57 
Andrew Shaw              0  0  0   0  0   1  3  1  0  0  3/6     6:33   0:00   0:00 
Andy Andreoff            0  0  0  -2  0   0  0  0  0  0  0/0    13:36   0:00   0:00 
Anthony Cirelli          3  0  3   3  0   4  2  0  0  0  11/22  20:49   0:00   2:12 
Brandon Montour          0  0  0   0  2   0  1  1  0  0  0/0    22:42   0:00   1:23 
Eeli Tolvanen            0  0  0   0  0   0  0  0  0  0  0/0     6:33   0:00   0:00 
Erik Gudbranson          0  0  0   1  2   2  6  1  0  0  0/0    20:26   0:00   0:49 
Jack Hughes              0  0  0  -2  0   5  0  0  0  0  10/19  13:36   0:00   0:00 
Jeff Skinner             0  1  1  -1  0   0  0  0  0  0  1/2    18:20   0:00   0:57 
Korbinian Holzer         0  1  1  -1  0   0  5  2  0  0  0/0    15:53   0:00   0:42 
Mathias Brome            0  0  0   0  0   0  0  0  0  0  0/2     7:15   0:00   0:42 
Max Jones                0  0  0  -2  0   0  1  0  0  0  1/1    14:18   0:00   0:42 
Mikko Lehtonen           0  0  0  -1  0   0  0  1  0  0  0/0    16:39   0:00   1:39 
Rickard Rakell           0  2  2   3  0   4  2  0  0  0  5/7    20:49   0:00   2:12 
Travis Sanheim           0  0  0   1  0   1  1  1  0  0  0/0    20:27   0:00   0:49 
Tyler Ennis              1  0  1  -1  0   2  0  0  0  0  3/14   17:23   0:00   0:00 
Tyler Pitlick            0  0  0  -1  2   0  0  0  0  0  0/1    17:22   0:00   0:00 

3 Stars

1 - Anthony Cirelli (PHI)
2 - Josh Bailey (NYI)
3 - Jared Spurgeon (NYI)

Power Play

NEW YORK I - 1 on 3 Attempt(s) - 33.33%
PHILADELPHIA - 0 on 0 Attempt(s) - 0.00%

Penalty Kill

NEW YORK I - 0 on 0 Attempt(s) - 0.00% - Score 0 goal in Penalty Kill
PHILADELPHIA - 2 on 3 Attempt(s) - 66.67% - Score 0 goal in Penalty Kill

Team Stat

NEW YORK I - Hits : 25 - Faceoff Wins : 41 - Blocked Shots : 9 - Penalty Minutes : 0
PHILADELPHIA - Hits : 24 - Faceoff Wins : 34 - Blocked Shots : 8 - Penalty Minutes : 6

Official

Referees : Brett Roeland and Dan Kelly
Linesman : Kris Muchowski and David Brisebois

Game Notes

Anthony Cirelli has scored a Hat Trick!

Finance

Level 1 -- Attendance: 4413 (73.55%) -- Ticket Income $441,300
Level 2 -- Attendance: 3893 (77.86%) -- Ticket Income $233,580
Level 3 -- Attendance: 1962 (98.10%) -- Ticket Income $68,670
Level 4 -- Attendance: 4000 (100.00%) -- Ticket Income $80,000
Luxury Box -- Attendance: 708 (70.80%) -- Ticket Income $141,600
Game was played at the Wells Fargo Center.
Total Attendance: 14976 (83.20%)
Total Ticket Income: $965,150
Total Income: $965,150

NEW YORK I

5 vs 5 Forward 
   Center                   Left Wing                Right Wing               Time % Phy DF OF 
 1 Logan Couture            Nick Foligno             Josh Bailey              35     1   1  3  
 2 Ryan Strome              Brandon Saad             Anthony Mantha           30     1   2  2  
 3 Boone Jenner             Marcus Foligno           Austin Watson            25     1   2  2  
 4 Pierre-Edouard Bellemare Pat Maroon               Cedric Paquette          10     2   3  0  

5 vs 5 Defense 
   Defense                  Defense                                           Time % Phy DF OF 
 1 Rasmus Ristolainen       Esa Lindell                                       35     1   2  2  
 2 Matt Dumba               Jared Spurgeon                                    30     1   2  2  
 3 Ben Hutton               Scott Mayfield                                    25     1   2  2  
 4 Rasmus Ristolainen       Esa Lindell                                       10     1   2  2  

PowerPlay Forward 
   Center                   Left Wing                Right Wing               Time % Phy DF OF 
 1 Logan Couture            Nick Foligno             Josh Bailey              60     1   2  2  
 2 Ryan Strome              Brandon Saad             Anthony Mantha           40     1   2  2  

PowerPlay Defense
   Defense                  Defense                                           Time % Phy DF OF 
 1 Rasmus Ristolainen       Jared Spurgeon                                    60     1   2  2  
 2 Scott Mayfield           Esa Lindell                                       40     1   2  2  

Penalty Kill 4 Players Forward 
   Center                   Wing                     Time % Phy DF OF 
 1 Boone Jenner             Austin Watson            60     1   2  2  
 2 Cedric Paquette          Carter Rowney            40     1   2  2  

Penalty Kill 4 Players Defense
   Defense                  Defense                  Time % Phy DF OF 
 1 Rasmus Ristolainen       Esa Lindell              60     1   2  2  
 2 Matt Dumba               Scott Mayfield           40     1   2  2  

Penalty Kill - 3 Players Forward 
   Forward                                           Time % Phy DF OF 
 1 Boone Jenner                                      60     1   2  2  
 2 Marcus Foligno                                    40     1   2  2  

Penalty Kill - 3 Players Defense
   Defense                  Defense                  Time % Phy DF OF 
 1 Rasmus Ristolainen       Esa Lindell              60     1   2  2  
 2 Jared Spurgeon           Scott Mayfield           40     1   2  2  

4 vs 4 Forward 
   Center                   Wing                     Time % Phy DF OF 
 1 Logan Couture            Brandon Saad             60     1   2  2  
 2 Ryan Strome              Anthony Mantha           40     1   2  2  

4 vs 4 Defense
   Defense                  Defense                  Time % Phy DF OF 
 1 Rasmus Ristolainen       Esa Lindell              60     1   2  2  
 2 Jared Spurgeon           Scott Mayfield           40     1   2  2  

Last Minutes Offensive
   Center                   Left Wing                Right Wing               Defense                  Defense                  
   Logan Couture            Brandon Saad             Anthony Mantha           Rasmus Ristolainen       Jared Spurgeon           

Last Minutes Defensive
   Center                   Left Wing                Right Wing               Defense                  Defense                  
   Boone Jenner             Marcus Foligno           Cedric Paquette          Rasmus Ristolainen       Scott Mayfield           

Goaltenders
Starting : Jacob Markstrom          
Backup : Curtis McElhinney        

Extra Forwards
Normal : Austin Watson, Josh Bailey, Pat Maroon - PP : Pierre-Edouard Bellemare, Cedric Paquette - PK : Austin Watson
Extra Defensemen
Normal : Troy Stecher, Jared Spurgeon, Ben Hutton - PP : Troy Stecher - PK : Scott Mayfield, Troy Stecher
Penalty Shots
Logan Couture, Anthony Mantha, Brandon Saad, Nick Foligno, Ryan Strome

Scratches
NYI Cap Hit (Suspend)

PHILADELPHIA

5 vs 5 Forward 
   Center                   Left Wing                Right Wing               Time % Phy DF OF 
 1 Anthony Cirelli          Rickard Rakell           Andre Burakovsky         35     1   2  2  
 2 Tyler Ennis              Jeff Skinner             Tyler Pitlick            30     1   2  2  
 3 Jack Hughes              Max Jones                Andy Andreoff            25     1   2  2  
 4 Andrew Shaw              Mathias Brome            Eeli Tolvanen            10     1   2  2  

5 vs 5 Defense 
   Defense                  Defense                                           Time % Phy DF OF 
 1 Brandon Montour          Adam Pelech                                       35     1   2  2  
 2 Travis Sanheim           Erik Gudbranson                                   30     1   2  2  
 3 Korbinian Holzer         Mikko Lehtonen                                    25     1   2  2  
 4 Brandon Montour          Adam Pelech                                       10     1   2  2  

PowerPlay Forward 
   Center                   Left Wing                Right Wing               Time % Phy DF OF 
 1 Anthony Cirelli          Rickard Rakell           Andre Burakovsky         60     1   2  2  
 2 Tyler Ennis              Jeff Skinner             Tyler Pitlick            40     1   2  2  

PowerPlay Defense
   Defense                  Defense                                           Time % Phy DF OF 
 1 Brandon Montour          Adam Pelech                                       60     1   2  2  
 2 Travis Sanheim           Erik Gudbranson                                   40     1   2  2  

Penalty Kill 4 Players Forward 
   Center                   Wing                     Time % Phy DF OF 
 1 Rickard Rakell           Anthony Cirelli          60     1   2  2  
 2 Jeff Skinner             Andre Burakovsky         40     1   2  2  

Penalty Kill 4 Players Defense
   Defense                  Defense                  Time % Phy DF OF 
 1 Brandon Montour          Adam Pelech              60     1   2  2  
 2 Travis Sanheim           Erik Gudbranson          40     1   2  2  

Penalty Kill - 3 Players Forward 
   Forward                                           Time % Phy DF OF 
 1 Rickard Rakell                                    60     1   2  2  
 2 Anthony Cirelli                                   40     1   2  2  

Penalty Kill - 3 Players Defense
   Defense                  Defense                  Time % Phy DF OF 
 1 Brandon Montour          Adam Pelech              60     1   2  2  
 2 Travis Sanheim           Erik Gudbranson          40     1   2  2  

4 vs 4 Forward 
   Center                   Wing                     Time % Phy DF OF 
 1 Rickard Rakell           Anthony Cirelli          60     1   2  2  
 2 Jeff Skinner             Andre Burakovsky         40     1   2  2  

4 vs 4 Defense
   Defense                  Defense                  Time % Phy DF OF 
 1 Brandon Montour          Adam Pelech              60     1   2  2  
 2 Travis Sanheim           Erik Gudbranson          40     1   2  2  

Last Minutes Offensive
   Center                   Left Wing                Right Wing               Defense                  Defense                  
   Anthony Cirelli          Rickard Rakell           Andre Burakovsky         Brandon Montour          Adam Pelech              

Last Minutes Defensive
   Center                   Left Wing                Right Wing               Defense                  Defense                  
   Anthony Cirelli          Rickard Rakell           Andre Burakovsky         Brandon Montour          Adam Pelech              

Goaltenders
Starting : Anthony Stolarz          
Backup : Anton Forsberg           

Extra Forwards
Normal : Andrew Shaw, Jack Hughes, Max Jones - PP : Andrew Shaw, Jack Hughes - PK : Max Jones
Extra Defensemen
Normal : Korbinian Holzer, Mikko Lehtonen, Travis Sanheim - PP : Korbinian Holzer - PK : Mikko Lehtonen, Travis Sanheim
Penalty Shots
Rickard Rakell, Anthony Cirelli, Jeff Skinner, Andre Burakovsky, Tyler Ennis

Scratches
Niklas Kronwall (Healthy), PHI Cap Hit (Suspend), Dan Girardi (Healthy)

% Time on Ice - NEW YORK I

Lines # - Real PCT - Wanted PCT - Time Play
Normal Forward
1 - 30% - 35% - 17:03
2 - 28% - 30% - 15:51
3 - 28% - 25% - 15:32
4 - 14% - 10% - 7:43
Normal Defense
1 - 31% - 35% - 17:24
2 - 32% - 30% - 18:09
3 - 31% - 25% - 17:26
4 - 6% - 10% - 3:10
PP Forward
1 - 52% - 60% - 2:01
2 - 48% - 40% - 1:50
PP Defense
1 - 50% - 60% - 1:56
2 - 50% - 40% - 1:55
PK Forward
1 - 0% - 60%
2 - 0% - 40%
PK Defense
1 - 0% - 60%
2 - 0% - 40%
PK3 Forward
1 - 0% - 60%
2 - 0% - 40%
PK3 Defense
1 - 0% - 60%
2 - 0% - 40%
44 Forward
1 - 0% - 60%
2 - 0% - 40%
44 Defense
1 - 0% - 60%
2 - 0% - 40%
Last Minute Offensive  - 0:00
Last Minute Defensive  - 0:00
Total
Forward - 60:00
Defense - 60:00

% Time on Ice - PHILADELPHIA

Lines # - Real PCT - Wanted PCT - Time Play
Normal Forward
1 - 33% - 35% - 18:37
2 - 31% - 30% - 17:23
3 - 24% - 25% - 13:36
4 - 12% - 10% - 6:33
Normal Defense
1 - 31% - 35% - 17:24
2 - 35% - 30% - 19:38
3 - 27% - 25% - 15:11
4 - 7% - 10% - 3:56
PP Forward
1 - 0% - 60%
2 - 0% - 40%
PP Defense
1 - 0% - 60%
2 - 0% - 40%
PK Forward
1 - 75% - 60% - 2:54
2 - 25% - 40% - 0:57
PK Defense
1 - 79% - 60% - 3:02
2 - 21% - 40% - 0:49
PK3 Forward
1 - 0% - 60%
2 - 0% - 40%
PK3 Defense
1 - 0% - 60%
2 - 0% - 40%
44 Forward
1 - 0% - 60%
2 - 0% - 40%
44 Defense
1 - 0% - 60%
2 - 0% - 40%
Last Minute Offensive  - 0:00
Last Minute Defensive  - 0:00
Total
Forward - 60:00
Defense - 60:00

Play-by-Play

1st period


0:01 of 1st period - Logan Couture wins face-off versus Anthony Cirelli in neutral zone.
0:18 of 1st period - Shot by Anthony Cirelli.
0:18 of 1st period - Shot Misses the Net.
0:20 of 1st period - Shot by Andre Burakovsky.
0:20 of 1st period - Stopped by Jacob Markstrom without a rebound.
0:21 of 1st period - Ryan Strome wins face-off versus Tyler Pitlick in NEW YORK I zone.
0:28 of 1st period - Shot by Tyler Ennis.
0:28 of 1st period - Stopped by Jacob Markstrom with a rebound.
0:30 of 1st period - Shot by Erik Gudbranson.
0:30 of 1st period - Stopped by Jacob Markstrom without a rebound.
0:31 of 1st period - Boone Jenner wins face-off versus Jack Hughes in NEW YORK I zone.
0:33 of 1st period - Icing by Ben Hutton.
0:34 of 1st period - Boone Jenner wins face-off versus Jack Hughes in NEW YORK I zone.
0:40 of 1st period - Ben Hutton is hit by Max Jones and loses puck.
0:44 of 1st period - Scott Mayfield is hit by Korbinian Holzer and loses puck.
1:05 of 1st period - Austin Watson is hit by Korbinian Holzer and loses puck.
1:12 of 1st period - Shot by Scott Mayfield.
1:12 of 1st period - Stopped by Anthony Stolarz without a rebound.
1:13 of 1st period - Ryan Strome wins face-off versus Tyler Ennis in PHILADELPHIA zone.
1:27 of 1st period - Anthony Mantha is hit by Erik Gudbranson.
1:30 of 1st period - Ryan Strome is hit by Erik Gudbranson and loses puck.
1:33 of 1st period - Shot by Anthony Mantha.
1:33 of 1st period - Shot Misses the Net.
1:35 of 1st period - Shot by Matt Dumba.
1:35 of 1st period - Stopped by Anthony Stolarz with a rebound.
1:37 of 1st period - Shot by Jared Spurgeon.
1:37 of 1st period - Stopped by Anthony Stolarz with a rebound.
1:43 of 1st period - Shot by Brandon Saad.
1:43 of 1st period - Shot Misses the Net.
1:50 of 1st period - Off-side.
1:51 of 1st period - Anthony Cirelli wins face-off versus Logan Couture in neutral zone.
2:41 of 1st period - Icing by Brandon Montour.
2:42 of 1st period - Pierre-Edouard Bellemare wins face-off versus Anthony Cirelli in PHILADELPHIA zone.
3:45 of 1st period - Shot by Anthony Mantha.
3:45 of 1st period - Shot Misses the Net.
4:01 of 1st period - Scott Mayfield is hit by Andrew Shaw and loses puck.
4:20 of 1st period - Marcus Foligno is hit by Andrew Shaw and loses puck.
4:34 of 1st period - Icing by Andrew Shaw.
4:35 of 1st period - Andrew Shaw wins face-off versus Logan Couture in PHILADELPHIA zone.
4:35 of 1st period - Andrew Shaw is hit by Nick Foligno.
4:38 of 1st period - Icing by Erik Gudbranson.
4:39 of 1st period - Logan Couture wins face-off versus Mathias Brome in PHILADELPHIA zone.
4:49 of 1st period - Icing by Eeli Tolvanen.
4:50 of 1st period - Andrew Shaw wins face-off versus Boone Jenner in PHILADELPHIA zone.
4:54 of 1st period - Icing by Erik Gudbranson.
4:55 of 1st period - Logan Couture wins face-off versus Andrew Shaw in PHILADELPHIA zone.
4:57 of 1st period - Josh Bailey is hit by Erik Gudbranson.
5:41 of 1st period - Off-side.
5:42 of 1st period - Jack Hughes wins face-off versus Boone Jenner in neutral zone.
6:01 of 1st period - Off-side.
6:02 of 1st period - Ryan Strome wins face-off versus Anthony Cirelli in neutral zone.
6:13 of 1st period - Scott Mayfield is hit by Rickard Rakell and loses puck.
6:20 of 1st period - Shot by Andre Burakovsky.
6:20 of 1st period - Stopped by Jacob Markstrom without a rebound.
6:21 of 1st period - Boone Jenner wins face-off versus Tyler Ennis in NEW YORK I zone.
6:40 of 1st period - Shot by Austin Watson.
6:40 of 1st period - Shot Misses the Net.
6:42 of 1st period - Shot by Rasmus Ristolainen.
6:42 of 1st period - Shot Misses the Net.
6:44 of 1st period - Shot by Esa Lindell.
6:44 of 1st period - Shot Misses the Net.
6:46 of 1st period - Shot by Rasmus Ristolainen.
6:46 of 1st period - Goal by Rasmus Ristolainen - NEW YORK I : 1 - PHILADELPHIA : 0.
6:47 of 1st period - Logan Couture wins face-off versus Jack Hughes in neutral zone.
6:49 of 1st period - Jared Spurgeon is hit by Korbinian Holzer and loses puck.
7:02 of 1st period - Shot by Logan Couture.
7:02 of 1st period - Stopped by Anthony Stolarz without a rebound.
7:03 of 1st period - Anthony Cirelli wins face-off versus Ryan Strome in PHILADELPHIA zone.
7:30 of 1st period - Shot by Anthony Mantha.
7:30 of 1st period - Stopped by Anthony Stolarz with a rebound.
7:32 of 1st period - Shot by Rasmus Ristolainen.
7:32 of 1st period - Stopped by Anthony Stolarz without a rebound.
7:33 of 1st period - Jack Hughes wins face-off versus Logan Couture in PHILADELPHIA zone.
7:45 of 1st period - Shot by Max Jones.
7:45 of 1st period - Shot Blocked by Jared Spurgeon.
7:59 of 1st period - Shot by Logan Couture.
7:59 of 1st period - Stopped by Anthony Stolarz with a rebound.
8:01 of 1st period - Shot by Logan Couture.
8:01 of 1st period - Shot Blocked by Korbinian Holzer.
8:03 of 1st period - Shot by Nick Foligno.
8:03 of 1st period - Stopped by Anthony Stolarz with a rebound.
8:07 of 1st period - Shot by Jared Spurgeon.
8:07 of 1st period - Deflect By Josh Bailey.
8:07 of 1st period - Goal by Josh Bailey - NEW YORK I : 2 - PHILADELPHIA : 0.
8:08 of 1st period - Boone Jenner wins face-off versus Tyler Ennis in neutral zone.
8:27 of 1st period - Shot by Boone Jenner.
8:27 of 1st period - Deflect By Marcus Foligno.
8:27 of 1st period - Stopped by Anthony Stolarz without a rebound.
8:28 of 1st period - Ryan Strome wins face-off versus Anthony Cirelli in PHILADELPHIA zone.
8:37 of 1st period - Shot by Esa Lindell.
8:37 of 1st period - Shot Misses the Net.
8:47 of 1st period - Shot by Anthony Cirelli.
8:47 of 1st period - Shot Misses the Net.
8:49 of 1st period - Shot by Rickard Rakell.
8:49 of 1st period - Stopped by Jacob Markstrom without a rebound.
8:50 of 1st period - Pierre-Edouard Bellemare wins face-off versus Tyler Ennis in NEW YORK I zone.
9:26 of 1st period - Shot by Scott Mayfield.
9:26 of 1st period - Shot Blocked by Adam Pelech.
9:28 of 1st period - Shot by Cedric Paquette.
9:28 of 1st period - Stopped by Anthony Stolarz with a rebound.
9:38 of 1st period - Brandon Montour is hit by Nick Foligno and loses puck.
10:05 of 1st period - Shot by Esa Lindell.
10:05 of 1st period - Shot Blocked by Brandon Montour.
10:49 of 1st period - Shot by Max Jones.
10:49 of 1st period - Shot Blocked by Jared Spurgeon.
11:44 of 1st period - Shot by Ryan Strome.
11:44 of 1st period - Shot Misses the Net.
12:18 of 1st period - Shot by Pierre-Edouard Bellemare.
12:18 of 1st period - Shot Misses the Net.
12:20 of 1st period - Shot by Esa Lindell.
12:20 of 1st period - Stopped by Anthony Stolarz without a rebound.
12:21 of 1st period - Jack Hughes wins face-off versus Logan Couture in PHILADELPHIA zone.
12:40 of 1st period - Shot by Jack Hughes.
12:40 of 1st period - Stopped by Jacob Markstrom without a rebound.
12:41 of 1st period - Andrew Shaw wins face-off versus Boone Jenner in NEW YORK I zone.
12:52 of 1st period - Shot by Andrew Shaw.
12:52 of 1st period - Stopped by Jacob Markstrom without a rebound.
12:53 of 1st period - Anthony Cirelli wins face-off versus Logan Couture in NEW YORK I zone.
13:03 of 1st period - Icing by Jared Spurgeon.
13:04 of 1st period - Jack Hughes wins face-off versus Logan Couture in NEW YORK I zone.
13:23 of 1st period - Shot by Josh Bailey.
13:23 of 1st period - Stopped by Anthony Stolarz with a rebound.
14:13 of 1st period - Andre Burakovsky is hit by Ryan Strome and loses puck.
15:02 of 1st period - Shot by Boone Jenner.
15:02 of 1st period - Shot Misses the Net.
15:36 of 1st period - Shot by Adam Pelech.
15:36 of 1st period - Stopped by Jacob Markstrom without a rebound.
15:37 of 1st period - Max Jones wins face-off versus Logan Couture in NEW YORK I zone.
15:37 of 1st period - Korbinian Holzer is hit by Matt Dumba and loses puck.
15:52 of 1st period - Shot by Josh Bailey.
15:52 of 1st period - Goal by Josh Bailey - NEW YORK I : 3 - PHILADELPHIA : 0.
15:53 of 1st period - Anthony Cirelli wins face-off versus Pat Maroon in neutral zone.
16:01 of 1st period - Adam Pelech is hit by Cedric Paquette and loses puck.
16:22 of 1st period - Shot by Andre Burakovsky.
16:22 of 1st period - Shot Blocked by Esa Lindell.
16:24 of 1st period - Shot by Anthony Cirelli.
16:24 of 1st period - Shot Misses the Net.
16:26 of 1st period - Shot by Adam Pelech.
16:26 of 1st period - Shot Misses the Net.
16:28 of 1st period - Shot by Adam Pelech.
16:28 of 1st period - Shot Misses the Net.
17:02 of 1st period - Shot by Jack Hughes.
17:02 of 1st period - Shot Blocked by Matt Dumba.
17:10 of 1st period - Shot by Josh Bailey.
17:10 of 1st period - Shot Misses the Net.
17:12 of 1st period - Shot by Logan Couture.
17:12 of 1st period - Shot Misses the Net.
17:19 of 1st period - Icing by Travis Sanheim.
17:20 of 1st period - Jack Hughes wins face-off versus Ryan Strome in PHILADELPHIA zone.
17:20 of 1st period - Jack Hughes is hit by Anthony Mantha.
17:48 of 1st period - Shot by Tyler Ennis.
17:48 of 1st period - Goal by Tyler Ennis - NEW YORK I : 3 - PHILADELPHIA : 1.
17:49 of 1st period - Anthony Cirelli wins face-off versus Boone Jenner in neutral zone.
18:14 of 1st period - Shot by Rickard Rakell.
18:14 of 1st period - Stopped by Jacob Markstrom without a rebound.
18:15 of 1st period - Tyler Ennis wins face-off versus Logan Couture in NEW YORK I zone.
19:11 of 1st period - Shot by Ryan Strome.
19:11 of 1st period - Goal by Ryan Strome - NEW YORK I : 4 - PHILADELPHIA : 1.
19:12 of 1st period - Anthony Cirelli wins face-off versus Boone Jenner in neutral zone.
Goals for this period are 4 for NEW YORK I vs 1 for PHILADELPHIA.
Shots for this period are 16 for NEW YORK I vs 10 for PHILADELPHIA.

2nd period


0:01 of 2nd period - Ryan Strome wins face-off versus Tyler Ennis in neutral zone.
0:10 of 2nd period - Brandon Montour is hit by Brandon Saad and loses puck.
0:34 of 2nd period - Shot by Ryan Strome.
0:34 of 2nd period - Stopped by Anthony Stolarz without a rebound.
0:35 of 2nd period - Logan Couture wins face-off versus Anthony Cirelli in PHILADELPHIA zone.
0:45 of 2nd period - Logan Couture is hit by Erik Gudbranson.
1:38 of 2nd period - Korbinian Holzer is hit by Marcus Foligno and loses puck.
1:55 of 2nd period - Shot by Korbinian Holzer.
1:55 of 2nd period - Shot Misses the Net.
2:54 of 2nd period - Shot by Ryan Strome.
2:54 of 2nd period - Shot Misses the Net.
3:35 of 2nd period - Shot by Jeff Skinner.
3:35 of 2nd period - Shot Misses the Net.
4:02 of 2nd period - Shot by Anthony Cirelli.
4:02 of 2nd period - Shot Blocked by Scott Mayfield.
4:04 of 2nd period - Shot by Erik Gudbranson.
4:04 of 2nd period - Stopped by Jacob Markstrom with a rebound.
4:47 of 2nd period - Ben Hutton is hit by Andrew Shaw and loses puck.
5:12 of 2nd period - Icing by Ben Hutton.
5:13 of 2nd period - Pierre-Edouard Bellemare wins face-off versus Tyler Ennis in NEW YORK I zone.
5:33 of 2nd period - Jeff Skinner is hit by Esa Lindell and loses puck.
5:53 of 2nd period - Icing by Jeff Skinner.
5:54 of 2nd period - Tyler Ennis wins face-off versus Ryan Strome in PHILADELPHIA zone.
6:00 of 2nd period - Tyler Ennis is hit by Anthony Mantha and loses puck.
6:23 of 2nd period - Brandon Saad is hit by Anthony Cirelli and loses puck.
7:21 of 2nd period - Austin Watson is hit by Adam Pelech and loses puck.
7:32 of 2nd period - Logan Couture is hit by Rickard Rakell and loses puck.
7:39 of 2nd period - Shot by Logan Couture.
7:39 of 2nd period - Stopped by Anthony Stolarz without a rebound.
7:40 of 2nd period - Logan Couture wins face-off versus Jack Hughes in PHILADELPHIA zone.
8:28 of 2nd period - Icing by Korbinian Holzer.
8:29 of 2nd period - Jack Hughes wins face-off versus Boone Jenner in PHILADELPHIA zone.
9:04 of 2nd period - Shot by Tyler Ennis.
9:04 of 2nd period - Shot Blocked by Matt Dumba.
9:22 of 2nd period - Jeff Skinner is hit by Boone Jenner and loses puck.
9:50 of 2nd period - Shot by Logan Couture.
9:50 of 2nd period - Stopped by Anthony Stolarz with a rebound.
9:52 of 2nd period - Shot by Esa Lindell.
9:52 of 2nd period - Stopped by Anthony Stolarz with a rebound.
9:54 of 2nd period - Shot by Rasmus Ristolainen.
9:54 of 2nd period - Shot Blocked by Andrew Shaw.
9:56 of 2nd period - Shot by Nick Foligno.
9:56 of 2nd period - Shot Blocked by Mikko Lehtonen.
9:58 of 2nd period - Shot by Nick Foligno.
9:58 of 2nd period - Shot Misses the Net.
11:02 of 2nd period - Shot by Jack Hughes.
11:02 of 2nd period - Shot Misses the Net.
11:06 of 2nd period - Shot by Jack Hughes.
11:06 of 2nd period - Stopped by Jacob Markstrom without a rebound.
11:07 of 2nd period - Pierre-Edouard Bellemare wins face-off versus Jack Hughes in NEW YORK I zone.
11:40 of 2nd period - Shot by Pat Maroon.
11:40 of 2nd period - Stopped by Anthony Stolarz with a rebound.
12:28 of 2nd period - Mathias Brome is hit by Nick Foligno and loses puck.
12:33 of 2nd period - Shot by Josh Bailey.
12:33 of 2nd period - Stopped by Anthony Stolarz without a rebound.
12:34 of 2nd period - Boone Jenner wins face-off versus Anthony Cirelli in PHILADELPHIA zone.
12:34 of 2nd period - Boone Jenner is hit by Brandon Montour.
12:45 of 2nd period - Brandon Montour is hit by Austin Watson and loses puck.
13:02 of 2nd period - Shot by Andre Burakovsky.
13:02 of 2nd period - Deflect By Anthony Cirelli.
13:02 of 2nd period - Shot Blocked by Ben Hutton.
13:04 of 2nd period - Shot by Anthony Cirelli.
13:04 of 2nd period - Stopped by Jacob Markstrom without a rebound.
13:05 of 2nd period - Logan Couture wins face-off versus Tyler Ennis in NEW YORK I zone.
13:23 of 2nd period - Icing by Adam Pelech.
13:24 of 2nd period - Ryan Strome wins face-off versus Tyler Ennis in PHILADELPHIA zone.
13:36 of 2nd period - Brandon Saad is hit by Adam Pelech.
13:59 of 2nd period - Shot by Anthony Mantha.
13:59 of 2nd period - Shot Misses the Net.
14:11 of 2nd period - Shot by Rickard Rakell.
14:11 of 2nd period - Stopped by Jacob Markstrom with a rebound.
14:21 of 2nd period - Shot by Anthony Cirelli.
14:21 of 2nd period - Goal by Anthony Cirelli - NEW YORK I : 4 - PHILADELPHIA : 2.
14:22 of 2nd period - Jack Hughes wins face-off versus Logan Couture in neutral zone.
14:49 of 2nd period - Shot by Jack Hughes.
14:49 of 2nd period - Stopped by Jacob Markstrom without a rebound.
14:50 of 2nd period - Rickard Rakell wins face-off versus Boone Jenner in NEW YORK I zone.
15:26 of 2nd period - Rickard Rakell is hit by Scott Mayfield and loses puck.
16:08 of 2nd period - Tyler Ennis is hit by Ben Hutton and loses puck.
16:42 of 2nd period - Jack Hughes is hit by Scott Mayfield and loses puck.
16:56 of 2nd period - Andy Andreoff is hit by Scott Mayfield and loses puck.
17:26 of 2nd period - Scott Mayfield is hit by Korbinian Holzer and loses puck.
17:40 of 2nd period - Icing by Scott Mayfield.
17:41 of 2nd period - Boone Jenner wins face-off versus Anthony Cirelli in NEW YORK I zone.
17:55 of 2nd period - Scott Mayfield is hit by Anthony Cirelli and loses puck.
18:19 of 2nd period - Shot by Travis Sanheim.
18:19 of 2nd period - Stopped by Jacob Markstrom with a rebound.
19:09 of 2nd period - Shot by Nick Foligno.
19:09 of 2nd period - Stopped by Anthony Stolarz without a rebound.
19:10 of 2nd period - Jack Hughes wins face-off versus Anthony Mantha in PHILADELPHIA zone.
19:10 of 2nd period - Jack Hughes is hit by Anthony Mantha.
19:24 of 2nd period - Shot by Jack Hughes.
19:24 of 2nd period - Stopped by Jacob Markstrom without a rebound.
19:25 of 2nd period - Anthony Cirelli wins face-off versus Pierre-Edouard Bellemare in NEW YORK I zone.
19:46 of 2nd period - Shot by Pierre-Edouard Bellemare.
19:46 of 2nd period - Stopped by Anthony Stolarz without a rebound.
19:47 of 2nd period - Logan Couture wins face-off versus Jack Hughes in PHILADELPHIA zone.
19:52 of 2nd period - Shot by Josh Bailey.
19:52 of 2nd period - Shot Misses the Net.
Goals for this period are 0 for NEW YORK I vs 1 for PHILADELPHIA.
Shots for this period are 8 for NEW YORK I vs 8 for PHILADELPHIA.

3rd period


0:01 of 3rd period - Logan Couture wins face-off versus Anthony Cirelli in neutral zone.
0:55 of 3rd period - Rickard Rakell is hit by Ryan Strome and loses puck.
1:40 of 3rd period - Off-side.
1:41 of 3rd period - Jack Hughes wins face-off versus Boone Jenner in neutral zone.
1:51 of 3rd period - Icing by Scott Mayfield.
1:52 of 3rd period - Boone Jenner wins face-off versus Andrew Shaw in NEW YORK I zone.
2:45 of 3rd period - Icing by Esa Lindell.
2:46 of 3rd period - Logan Couture wins face-off versus Tyler Ennis in NEW YORK I zone.
3:08 of 3rd period - Minor Penalty to Tyler Pitlick for Goalie Interference.
3:09 of 3rd period - Ryan Strome wins face-off versus Rickard Rakell in PHILADELPHIA zone.
3:14 of 3rd period - Shot by Jared Spurgeon.
3:14 of 3rd period - Goal by Jared Spurgeon - NEW YORK I : 5 - PHILADELPHIA : 2.
3:15 of 3rd period - Ryan Strome wins face-off versus Andre Burakovsky in neutral zone.
3:36 of 3rd period - Shot by Ryan Strome.
3:36 of 3rd period - Stopped by Anthony Stolarz without a rebound.
3:37 of 3rd period - Tyler Ennis wins face-off versus Logan Couture in PHILADELPHIA zone.
4:18 of 3rd period - Shot by Josh Bailey.
4:18 of 3rd period - Shot Blocked by Travis Sanheim.
4:36 of 3rd period - Shot by Anthony Cirelli.
4:36 of 3rd period - Deflect By Andre Burakovsky.
4:36 of 3rd period - Shot Blocked by Jared Spurgeon.
4:54 of 3rd period - Shot by Andre Burakovsky.
4:54 of 3rd period - Stopped by Jacob Markstrom without a rebound.
4:55 of 3rd period - Boone Jenner wins face-off versus Jack Hughes in NEW YORK I zone.
5:06 of 3rd period - Shot by Marcus Foligno.
5:06 of 3rd period - Deflect By Austin Watson.
5:06 of 3rd period - Stopped by Anthony Stolarz without a rebound.
5:07 of 3rd period - Pierre-Edouard Bellemare wins face-off versus Mathias Brome in PHILADELPHIA zone.
5:07 of 3rd period - Pierre-Edouard Bellemare is hit by Adam Pelech.
5:13 of 3rd period - Shot by Esa Lindell.
5:13 of 3rd period - Stopped by Anthony Stolarz without a rebound.
5:14 of 3rd period - Anthony Cirelli wins face-off versus Ryan Strome in PHILADELPHIA zone.
6:01 of 3rd period - Icing by Jared Spurgeon.
6:02 of 3rd period - Anthony Mantha wins face-off versus Jack Hughes in NEW YORK I zone.
6:09 of 3rd period - Shot by Jack Hughes.
6:09 of 3rd period - Shot Blocked by Brandon Saad.
6:11 of 3rd period - Shot by Erik Gudbranson.
6:11 of 3rd period - Deflect By Jack Hughes.
6:11 of 3rd period - Shot Misses the Net.
6:25 of 3rd period - Shot by Jack Hughes.
6:25 of 3rd period - Shot Misses the Net.
7:21 of 3rd period - Shot by Rasmus Ristolainen.
7:21 of 3rd period - Shot Blocked by Korbinian Holzer.
7:23 of 3rd period - Shot by Josh Bailey.
7:23 of 3rd period - Stopped by Anthony Stolarz with a rebound.
7:25 of 3rd period - Shot by Logan Couture.
7:25 of 3rd period - Deflect By Josh Bailey.
7:25 of 3rd period - Stopped by Anthony Stolarz without a rebound.
7:26 of 3rd period - Boone Jenner wins face-off versus Anthony Cirelli in PHILADELPHIA zone.
7:34 of 3rd period - Icing by Brandon Montour.
7:35 of 3rd period - Logan Couture wins face-off versus Anthony Cirelli in PHILADELPHIA zone.
8:00 of 3rd period - Shot by Anthony Cirelli.
8:00 of 3rd period - Goal by Anthony Cirelli - NEW YORK I : 5 - PHILADELPHIA : 3.
8:01 of 3rd period - Boone Jenner wins face-off versus Tyler Ennis in neutral zone.
8:47 of 3rd period - Icing by Ben Hutton.
8:48 of 3rd period - Anthony Cirelli wins face-off versus Austin Watson in NEW YORK I zone.
8:49 of 3rd period - Shot by Rickard Rakell.
8:49 of 3rd period - Stopped by Jacob Markstrom with a rebound.
9:25 of 3rd period - Shot by Andre Burakovsky.
9:25 of 3rd period - Shot Misses the Net.
9:40 of 3rd period - Icing by Rasmus Ristolainen.
9:41 of 3rd period - Jack Hughes wins face-off versus Logan Couture in NEW YORK I zone.
9:41 of 3rd period - Korbinian Holzer is hit by Rasmus Ristolainen and loses puck.
10:07 of 3rd period - Off-side.
10:08 of 3rd period - Jeff Skinner wins face-off versus Pierre-Edouard Bellemare in neutral zone.
10:46 of 3rd period - Travis Sanheim is hit by Cedric Paquette and loses puck.
11:12 of 3rd period - Ryan Strome is hit by Erik Gudbranson and loses puck.
11:16 of 3rd period - Ryan Strome is hit by Travis Sanheim and loses puck.
11:58 of 3rd period - Shot by Logan Couture.
11:58 of 3rd period - Shot Misses the Net.
12:10 of 3rd period - Shot by Josh Bailey.
12:10 of 3rd period - Shot Blocked by Erik Gudbranson.
12:17 of 3rd period - Minor Penalty to Erik Gudbranson for High sticking.
12:18 of 3rd period - Ryan Strome wins face-off versus Rickard Rakell in PHILADELPHIA zone.
12:39 of 3rd period - Shot by Anthony Mantha.
12:39 of 3rd period - Shot Misses the Net.
12:41 of 3rd period - Shot by Jared Spurgeon.
12:41 of 3rd period - Stopped by Anthony Stolarz without a rebound.
12:42 of 3rd period - Rickard Rakell wins face-off versus Logan Couture in PHILADELPHIA zone.
12:59 of 3rd period - Adam Pelech is hit by Nick Foligno and loses puck.
13:36 of 3rd period - Shot by Jared Spurgeon.
13:36 of 3rd period - Stopped by Anthony Stolarz without a rebound.
13:37 of 3rd period - Rickard Rakell wins face-off versus Ryan Strome in PHILADELPHIA zone.
13:44 of 3rd period - Shot by Jared Spurgeon.
13:44 of 3rd period - Shot Misses the Net.
13:46 of 3rd period - Shot by Brandon Saad.
13:46 of 3rd period - Deflect By Anthony Mantha.
13:46 of 3rd period - Stopped by Anthony Stolarz without a rebound.
13:47 of 3rd period - Rickard Rakell wins face-off versus Nick Foligno in PHILADELPHIA zone.
14:32 of 3rd period - Brandon Montour is hit by Matt Dumba and loses puck.
14:44 of 3rd period - Shot by Austin Watson.
14:44 of 3rd period - Stopped by Anthony Stolarz without a rebound.
14:45 of 3rd period - Ryan Strome wins face-off versus Andrew Shaw in PHILADELPHIA zone.
15:03 of 3rd period - Anthony Mantha is hit by Korbinian Holzer and loses puck.
15:18 of 3rd period - Shot by Brandon Saad.
15:18 of 3rd period - Stopped by Anthony Stolarz without a rebound.
15:19 of 3rd period - Boone Jenner wins face-off versus Anthony Cirelli in PHILADELPHIA zone.
15:25 of 3rd period - Anthony Cirelli is hit by Matt Dumba.
15:45 of 3rd period - Shot by Anthony Cirelli.
15:45 of 3rd period - Goal by Anthony Cirelli - NEW YORK I : 5 - PHILADELPHIA : 4.
15:46 of 3rd period - Logan Couture wins face-off versus Tyler Ennis in neutral zone.
16:45 of 3rd period - Shot by Anthony Mantha.
16:45 of 3rd period - Stopped by Anthony Stolarz with a rebound.
16:47 of 3rd period - Shot by Esa Lindell.
16:47 of 3rd period - Stopped by Anthony Stolarz without a rebound.
16:48 of 3rd period - Anthony Cirelli wins face-off versus Ryan Strome in PHILADELPHIA zone.
16:55 of 3rd period - Shot by Andre Burakovsky.
16:55 of 3rd period - Shot Misses the Net.
17:09 of 3rd period - Shot by Ryan Strome.
17:09 of 3rd period - Stopped by Anthony Stolarz without a rebound.
17:10 of 3rd period - Boone Jenner wins face-off versus Jack Hughes in PHILADELPHIA zone.
17:16 of 3rd period - Austin Watson is hit by Erik Gudbranson and loses puck.
17:39 of 3rd period - Shot by Jack Hughes.
17:39 of 3rd period - Stopped by Jacob Markstrom without a rebound.
17:40 of 3rd period - Anthony Cirelli wins face-off versus Ryan Strome in NEW YORK I zone.
17:40 of 3rd period - Anthony Cirelli is hit by Rasmus Ristolainen.
17:44 of 3rd period - Shot by Rickard Rakell.
17:44 of 3rd period - Shot Misses the Net.
18:13 of 3rd period - Minor Penalty to Brandon Montour for Delaying the game.
18:14 of 3rd period - Rickard Rakell wins face-off versus Logan Couture in PHILADELPHIA zone.
18:49 of 3rd period - Shot by Rasmus Ristolainen.
18:49 of 3rd period - Shot Misses the Net.
18:51 of 3rd period - Shot by Rasmus Ristolainen.
18:51 of 3rd period - Stopped by Anthony Stolarz with a rebound.
19:01 of 3rd period - Shot by Brandon Saad.
19:01 of 3rd period - Shot Misses the Net.
19:03 of 3rd period - Shot by Scott Mayfield.
19:03 of 3rd period - Shot Misses the Net.
19:11 of 3rd period - Shot by Ryan Strome.
19:11 of 3rd period - Stopped by Anthony Stolarz without a rebound.
19:12 of 3rd period - Ryan Strome wins face-off versus Jeff Skinner in PHILADELPHIA zone.
19:59 of 3rd period - Shot by Jared Spurgeon.
19:59 of 3rd period - Shot Misses the Net.
Goals for this period are 1 for NEW YORK I vs 2 for PHILADELPHIA.
Shots for this period are 16 for NEW YORK I vs 5 for PHILADELPHIA.